 Dungeon Crawl Stone Soup version 0.28-a0-1159-g27aa881441 (webtiles) character file.

Game seed: 11513184394361083793

9214 Htamos the Grappler (level 11, -4/93 HPs)
             Began as a Troll Necromancer on Dec 15, 2021.
             Was a Believer of Kikubaaqudgha.
             Slain by a cyclops (23 damage)
             ... on level 10 of the Dungeon.
             The game lasted 00:22:53 (9087 turns).

Htamos the Grappler (Troll Necromancer)             Turns: 9087, Time: 00:22:53

Health: -4/93      AC:  8    Str: 18    XL:     11   Next: 20%
Magic:  16/16      EV: 10    Int: 13    God:    Kikubaaqudgha [**....]
Gold:   316        SH:  0    Dex: 12    Spells: 7/18 levels left

rFire   + . .      SeeInvis +     - Unarmed
rCold   + . .      Faith    .   (no shield)
rNeg    . . .      Spirit   .   v - +1 robe {rC+ rF+}
rPois   +          Reflect  .   (helmet restricted)
rElec   .          Harm     .   A - +2 cloak {rPois}
rCorr   .          Rampage  .   (gloves unavailable)
Will    .....                   (boots unavailable)
Stlth   ++........              (no amulet)
HPRegen 1.05/turn               y - ring of see invisible
MPRegen 0.15/turn               r - +4 ring of slaying

@: slowed, studying Shields, very slow
A: large, unfitting armour, claws 3, regeneration 1, shaggy fur 1, tough skin 1
a: Renounce Religion, Receive Corpses


You were on level 10 of the Dungeon.
You worshipped Kikubaaqudgha.
Kikubaaqudgha was pleased with you.
You visited 3 branches of the dungeon, and saw 13 of its levels.

You collected 567 gold pieces.
You spent 251 gold pieces at shops.

Inventory:

Hand Weapons
 f - a +2 dagger of freezing
Missiles
 e - 4 large rocks
Armour
 a - a +0 robe
 v - a +1 robe of resistance (worn)
 A - a +2 cloak of poison resistance (worn)
Magical Staves
 j - a staff of conjuration
Jewellery
 q - a ring of positive energy
 r - a +4 ring of slaying (right claw)
 y - a ring of see invisible (left claw)
 F - a +6 ring of strength
Wands
 b - a wand of flame (23)
 m - a wand of paralysis (8)
 s - a wand of iceblast (2)
 t - a wand of mindburst (3)
Scrolls
 c - a scroll of teleportation
 g - a scroll of noise
 i - a scroll of fog
 o - a scroll of blinking
 w - a scroll of brand weapon
 z - a scroll of silence
 C - 2 scrolls of immolation
Potions
 d - 3 potions of haste {unknown}
 n - 4 potions of attraction {unknown}
 p - 4 potions of brilliance
 u - a potion of magic
 B - 2 potions of lignification
 D - 2 potions of curing {@qc}
 E - a potion of mutation {unknown}


   Skills:
 - Level 2.1 Fighting
 - Level 1.5 Dodging
 - Level 1.0 Stealth
 + Level 11.4 Unarmed Combat
 - Level 4.0 Spellcasting
 + Level 10.3 Necromancy


You had 7 spell levels left.
You knew the following spells:

 Your Spells              Type           Power      Damage    Failure   Level
a - Pain                  Necr           100%       1d9       1%          1
b - Vampiric Draining     Necr           29%        2d8       1%          3
c - Agony                 Necr           29%        N/A       9%          5
d - Sublimation of Blood  Necr           29%        N/A       1%          2

Your spell library contained the following spells:

 Spells                   Type           Power      Damage    Failure   Level
 Animate Skeleton         Necr           58%        N/A       1%          1
 Animate Dead             Necr           14%        N/A       3%          4
 Slow                     Hex            8%         N/A       21%         1
 Confusing Touch          Hex            2%         N/A       52%         3
 Conjure Flame            Conj/Fire      2%         6-21      52%         3
 Ignite Poison            Fire/Tmut/Pois 2%         N/A       52%         3
 Mephitic Cloud           Conj/Pois/Air  2%         N/A       52%         3
 Summon Guardian Golem    Hex/Summ       2%         N/A       52%         3
 Animate Armour           Summ/Erth      4%         N/A       90%         4
 Passage of Golubria      Tloc           2%         N/A       90%         4
 Sticky Flame             Conj/Fire      2%         2d3       90%         4
 Blade Hands              Tmut           1%         N/A       99%         5
 Freezing Cloud           Conj/Ice/Air   1%         6-21      99%         5
 Silence                  Hex/Air        1%         N/A       99%         5
 Yara's Violent Unravell  Hex/Tmut       1%         3d3       99%         5
 Iron Shot                Conj/Erth      1%         9d1       100%        6
 Orb of Destruction       Conj           1%         N/A       100%        7
 Spellforged Servitor     Conj/Summ      1%         N/A       100%        7
 Lehudib's Crystal Spear  Conj/Erth      1%         10d2      100%        8


Dungeon Overview and Level Annotations

Branches:
Dungeon (11/15)            Temple (1/1) D:7            Lair (1/6) D:10
    Orc: D:9-12

Altars:
Ashenzari
Cheibriados
Dithmenos
Elyvilon
Fedhas
Gozag
Hepliaklqana
Kikubaaqudgha
Makhleb
Nemelex Xobeh
Okawaru
Qazlal
Ru
Sif Muna
Trog
Uskayaw
Vehumet
Wu Jian
Xom
Yredelemnul
Zin
The Shining One
Beogh

Shops:
D:3 ?   D:6 [[?   D:9 *


Innate Abilities, Weirdness & Mutations

You are too large for most types of armour.
You have claws for hands.
Your natural rate of healing is unusually fast.
You are covered in fur. (AC +1)
You have tough skin. (AC +1)


Message History

You closely miss the wraith.
The wraith is severely damaged.
The wraith closely misses you.
You closely miss the wraith.
The wraith is severely damaged.
The wraith hits you!
You barely miss the wraith.
The wraith is severely damaged.
The wraith hits you but does no damage. The wraith barely misses you.
You closely miss the wraith.
The wraith is severely damaged.
The wraith hits you!
The cyclops throws a large rock.
The large rock hits you!
You closely miss the wraith.
The wraith is severely damaged.
The wraith hits you. The wraith drains your vigour!
You feel as though you will be slow longer.
You completely miss the wraith.
The wraith is severely damaged.
The wraith closely misses you. The wraith hits you!
The wraith closely misses you.
There is a stone staircase leading up here.
The cyclops hits you!
* * * LOW HITPOINT WARNING * * *
The wraith hits you but does no damage.
You climb upwards.
There is a stone staircase leading down here.
The wraith hits you!
* * * LOW HITPOINT WARNING * * *
The wraith drains your vigour!
You feel as though you will be slow longer.
The cyclops hits you!!
* * * LOW HITPOINT WARNING * * *
The wraith hits you!
* * * LOW HITPOINT WARNING * * *
The wraith drains your vigour!
You feel as though you will be slow longer.
You feel better. The cyclops hits you!!
You die...
Kikubaaqudgha rasps: "You have failed me!
Welcome... death!"

......P.........########'####
...P)...P.......# #..#
P...P.P.........# ##.#
...P.....P.#.#### #.#
)P..P..P.....# #.#
.P....P.....###### ####'##
PP.PP...P.P......# #.....#
[.P..P..P......W>#####...(.#
....P.....PP...C@#[..'.....#
....P>...........#.###.....#
......PP....P....+.# #.....#
.....P....P......### ####'##
..(..P..P........# #.#
.(..........###### #.#
....P.........# #.#
..........P##'###### #.#
...................# ###'####


You could see a cyclops and a wraith.

Vanquished Creatures
  A two-headed ogre (D:8)
  A cyclops (D:9)
  2 trolls
  A shadow (D:10)
  A wyvern (D:9)
  10 yaks
  A steam dragon (D:8)
  3 vampire mosquitoes (D:10)
  2 acid dragons
  4 water moccasins
  Duvessa (D:5)
  6 orc warriors
  An ice beast (D:8)
  4 black bears (D:10)
  A sky beast (D:6)
  2 necrophages
  An ogre (D:6)
  7 centaurs
  A phantom (D:4)
  3 bullfrogs
  3 scorpions
  2 water moccasin zombies
  Dowan (D:5)
  3 wyvern skeletons
  8 killer bees
  A howler monkey (D:5)
  3 centaur zombies
  5 hounds
  A bullfrog skeleton (D:6)
  2 jellies
  A gnoll shaman (D:6)
  7 orc priests
  2 iguanas (D:5)
  9 orc wizards
  A killer bee zombie (D:7)
  A howler monkey zombie (D:10)
  7 gnolls
  6 adders
  A shadow imp (D:5)
  2 white imps
  An ufetubus (D:5)
  An adder zombie (D:5)
  3 worms
  A dart slug (D:2)
  41 orcs
  5 ball pythons
  12 endoplasms
  3 giant cockroaches
  7 goblins
  7 hobgoblins
  5 kobolds
  2 quokkas (D:2)
  7 bats
  6 frilled lizards
  A quokka skeleton (D:4)
  4 rats
225 creatures vanquished.

Vanquished Creatures (collateral kills)
  A bullfrog (Lair:1)
1 creature vanquished.

Vanquished Creatures (others)
  An orc warrior (D:8)
  38 fungi (D:10)
  41 plants
80 creatures vanquished.

Grand Total: 306 creatures vanquished

Notes
Turn   | Place    | Note
-------+----------+-------------------------------------------
     0 | D:1      | Htamos the Troll Necromancer began the quest for the Orb.
     0 | D:1      | Reached XP level 1. HP: 16/16 MP: 1/1
   272 | D:1      | Reached XP level 2. HP: 26/26 MP: 2/2
   333 | D:1      | Reached skill level 1 in Fighting
   846 | D:2      | Reached skill level 1 in Unarmed Combat
   914 | D:2      | Reached XP level 3. HP: 33/33 MP: 3/3
  1077 | D:2      | Found a bloodstained altar of Trog.
  1766 | D:3      | Reached XP level 4. HP: 42/42 MP: 4/4
  1803 | D:3      | Found Itheitroonn's Magic Scroll Boutique.
  1807 | D:3      | Bought a scroll of identify for 26 gold pieces
  2192 | D:4      | Reached skill level 2 in Unarmed Combat
  2255 | D:4      | Reached XP level 5. HP: 49/49 MP: 6/6
  2265 | D:4      | Noticed a phantom
  2294 | D:4      | Killed a phantom
  2603 | D:4      | Found a sparkling altar of Nemelex Xobeh.
  2608 | D:4      | You fall into a shaft and drop 1 floor!
  2608 | D:5      | Entered Level 5 of the Dungeon
  2657 | D:5      | Reached skill level 3 in Unarmed Combat
  2657 | D:5      | Reached XP level 6. HP: 40/57 MP: 6/8
  2969 | D:4      | Reached XP level 7. HP: 62/65 MP: 9/9
  2973 | D:4      | Learned a level 3 spell: Vampiric Draining
  2979 | D:4      | Learned a level 5 spell: Agony
  3063 | D:4      | Reached skill level 4 in Unarmed Combat
  3154 | D:4      | Found a burning altar of Makhleb.
  3573 | D:5      | Reached skill level 5 in Necromancy
  3617 | D:5      | Noticed Duvessa
  3620 | D:5      | Noticed Dowan
  3662 | D:5      | Killed Duvessa
  3674 | D:5      | Killed Dowan
  4073 | D:5      | Found a shimmering blue altar of Sif Muna.
  4088 | D:5      | Found a white marble altar of Elyvilon.
  4091 | D:5      | Found a stormy altar of Qazlal.
  4168 | D:6      | Found Ivvic's Magic Scroll Shop.
  4264 | D:6      | Reached XP level 8. HP: 72/72 MP: 11/11
  4362 | D:6      | Reached skill level 5 in Unarmed Combat
  4537 | D:6      | Found Suloisso's Armour Shoppe.
  4834 | D:6      | Reached skill level 6 in Unarmed Combat
  5114 | D:6      | Found Dedu's Antique Armour Shoppe.
  5117 | D:6      | Bought a glowing cloak for 225 gold pieces
  5372 | D:7      | Reached XP level 9. HP: 74/79 MP: 14/14
  5514 | D:7      | Reached skill level 7 in Unarmed Combat
  5780 | D:7      | Found a staircase to the Ecumenical Temple.
  5786 | Temple   | Entered the Ecumenical Temple
  5791 | Temple   | Became a worshipper of Kikubaaqudgha
  6198 | D:8      | Reached skill level 8 in Unarmed Combat
  6488 | D:8      | Noticed a two-headed ogre
  6498 | D:8      | Killed a two-headed ogre
  6505 | D:8      | Reached skill level 9 in Unarmed Combat
  6505 | D:8      | Reached XP level 10. HP: 87/87 MP: 15/15
  6597 | D:8      | Found a sacrificial altar of Ru.
  6601 | D:8      | Found a glowing silver altar of Zin.
  6841 | D:9      | Noticed a cyclops
  7014 | D:9      | Found Qiuliots's General Store.
  7271 | D:9      | Killed a cyclops
  7512 | D:10     | Entered Level 10 of the Dungeon
  7567 | D:9      | Reached * piety under Kikubaaqudgha
  7567 | D:9      | Received a gift from Kikubaaqudgha
  7577 | D:9      | Learned a level 2 spell: Sublimation of Blood
  7603 | D:10     | Reached skill level 10 in Unarmed Combat
  8039 | D:10     | Reached skill level 11 in Unarmed Combat
  8044 | D:10     | Reached skill level 10 in Necromancy
  8044 | D:10     | Reached XP level 11. HP: 69/93 MP: 16/16
  8243 | D:10     | Reached ** piety under Kikubaaqudgha
  8391 | D:10     | Found a staircase to the Lair.
  8906 | D:11     | Noticed a purple ugly thing
  8926 | D:11     | Noticed an eight-headed hydra
  8952 | Lair:1   | Entered Level 1 of the Lair of Beasts
  8986 | Lair:1   | Noticed an eight-headed hydra
  9087 | D:10     | Slain by a cyclops

Illustrated notes

Levels and vault maps discovered:
D:1:      dpeg_arrival_shrine, layout_loops_cross, minmay_misc_feat_diagonals
D:2:      layout_basic, basic_altar
D:3:      layout_loops_cross, serial_shops, shop, serial_glass, glass_columns_c,
          glass_columns_a, due_unseen_surprise, minmay_strange_pillars
D:4:      layout_basic, bloody_makhleb, mainiacjoe_overflow_chevrons
D:5:      layout_loops_cross, minmay_overflow_temple_star_quad,
          minmay_fractal_squares_5, uniq_duvessa
D:6:      layout_loops_corners, serial_shops, nicolae_shop_statue_plus,
          nicolae_stop_n_shop_1, kennysheep_mini, minmay_manual_mares
D:7:      layout_rooms, minmay_temple_entry_fiery, chequers_serial_rivers_room_b
D:8:      layout_loops_cross, mainiacjoe_overflow_divided_tiny
D:9:      layout_roguey, serial_shops, shop
D:10:     layout_roguey [special_room_orc], due_lair_maze_entry_diamond
D:11:     layout_rooms, serial_shops, shop
Temple:   minmay_freezing_vapour_temple
Lair:1:   dreamdust_isle_of_ice, layout_gridlike, gauntlet_entry_generic

Skill      XL: |  1  2  3  4  5  6  7  8  9 10 |
---------------+-------------------------------+-----
Fighting       | 1 2 |  2.1
Unarmed Combat | 1 2 3 4 6 9 11 | 11.4
Necromancy     | 4 5 6 8 10 | 10.3
Spellcasting   | 2 3 4 |  4.0
Dodging        | |  1.5
Stealth        | |  1.0

Action                   |  1- 3 |  4- 6 |  7- 9 | 10-12 || total
-------------------------+-------+-------+-------+-------++-------
Melee: Unarmed           |   155 |   121 |   267 |   250 ||   793
       Punch             |     1 |     5 |     5 |    11 ||    22
 Cast: Pain              |     4 |     4 |     5 |     2 ||    15
Evoke: Wand              |       |       |    17 |       ||    17
  Use: Scroll            |       |     3 |       |    14 ||    17
       Potion            |       |       |     2 |     1 ||     3
 Stab: Sleeping          |     3 |     2 |     1 |       ||     6
       Distracted        |       |       |     1 |       ||     1
       Paralysed         |       |       |     3 |       ||     3
Armor: Robe              |    48 |    30 |    83 |    82 ||   243
Dodge: Dodged            |    81 |    40 |   141 |   120 ||   382

Table legend: (Time is in decaauts)
 A = Elapsed time spent in this place.
 B = Non-inter-level travel time spent in this place.
 C = Inter-level travel time spent in this place.
 D = Time resting spent in this place.
 E = Time spent auto-exploring this place.
 F = Levels seen in this place.
 G = Mean time per level.
                   A        B        C        D        E       F      G
               +--------+--------+--------+--------+--------+-----+--------+
         Total |   9019 |   8616 |    403 |    438 |   5540 |  13 |  693.8 |
       Dungeon |   8966 |   8563 |    403 |    415 |   5540 |  11 |  815.1 |
        Temple |     12 |     12 |      0 |      0 |      0 |   1 |   12.0 |
          Lair |     40 |     40 |      0 |     23 |      0 |   1 |   40.0 |
               +--------+--------+--------+--------+--------+-----+--------+

Top non-repeatable levels by time:
    D:10: 1187 daAuts
     D:9: 1106 daAuts
     D:4: 1082 daAuts
     D:6: 1074 daAuts
     D:5: 1073 daAuts
     D:8: 799 daAuts
     D:1: 746 daAuts
     D:2: 626 daAuts
     D:3: 620 daAuts
     D:7: 601 daAuts
    D:11: 47 daAuts
  Lair:1: 40 daAuts
  Temple: 12 daAuts
